 Dungeon Crawl Stone Soup version 0.29.1-2-gbd0b4ee654 (webtiles) character file.

Game seed: 10307311401887425300

3229 qeuew the Shield-Bearer (level 9, -2/52 HPs)
             Began as a Vine Stalker Fighter on Nov 9, 2022.
             Was an Initiate of Gozag.
             Killed by divine providence
             ... invoked by an orc priest
              (10 damage)
             ... on level 8 of the Dungeon.
             The game lasted 00:11:32 (6546 turns).

qeuew the Shield-Bearer (Vine Stalker Fighter)      Turns: 6546, Time: 00:11:32

Health: -2/52      AC: 14    Str: 18    XL:     9   Next: 98%
Magic:  0/27       EV: 11    Int: 14    God:    Gozag
Gold:   397        SH:  6    Dex: 18    Spells: 18/18 levels left

rFire   + . .      SeeInvis .   a - +0 war axe
rCold   . . .      Faith    .   c - +0 buckler
rNeg    . . .      Spirit   +   b - +1 scale mail
rPois   .          Reflect  .   n - +2 helmet
rElec   .          Harm     .   (no cloak)
rCorr   .          Rampage  .   (no gloves)
Will    +....                   v - +2 pair of boots
Stlth   ..........              p - amulet "Raus" {Acrobat Int+4 Dex+3}
HPRegen 0.97/turn               m - ring of protection from fire
MPRegen 0.20/turn               g - ring of magical power

@: gold aura
A: fangs 3, regeneration 1, magic shield, antimagic bite, no potion heal 2,
robust 1, weak 1, MP-powered wands
a: Renounce Religion, Potion Petition, Call Merchant, Bribe Branch


You were on level 8 of the Dungeon.
You worshipped Gozag.
Gozag was aware of your devotion.
You visited 1 branch of the dungeon, and saw 8 of its levels.

You collected 807 gold pieces.
You paid 410 gold pieces to Gozag.

Inventory:

Hand Weapons
 a - a +0 war axe (weapon)
Missiles
 f - 2 throwing nets
Armour
 b - a +1 scale mail (worn)
 c - a +0 buckler (worn)
 n - a +2 helmet (worn)
 v - a +2 pair of boots (worn)
Jewellery
 d - an amulet of magic regeneration
 g - a ring of magical power (right hand)
 m - a ring of protection from fire (left hand)
 p - the amulet "Raus" (around neck) {Acrobat Int+4 Dex+3}
   (You found it on level 2 of the Dungeon)

   [amulet of the acrobat]

   It increases your evasion while moving and waiting.
   Int:       It affects your intelligence (+4).
   Dex:       It affects your dexterity (+3).
Wands
 h - a wand of flame (6) (quivered)
 w - a wand of roots (19)
Scrolls
 e - 2 scrolls of identify
 i - 2 scrolls of butterflies
 l - 4 scrolls of enchant armour
 q - a scroll of amnesia
 r - a scroll of teleportation
Potions
 j - 2 potions of haste
 t - a potion of curing


   Skills:
 + Level 5.7 Fighting
 + Level 5.4 Axes
 + Level 5.2 Armour
 + Level 4.4 Dodging
 + Level 5.7 Shields
 + Level 5.3 Spellcasting
 - Level 0.3 Conjurations


You had 18 spell levels left.
You didn't know any spells.
Your spell library contained the following spells:

 Spells                   Type           Power      Damage    Failure   Level
 Magic Dart               Conj           16%        1d3       50%         1
 Freeze                   Ice            12%        1d4       54%         1
 Searing Ray              Conj           8%         2d4       63%         2
 Sublimation of Blood     Necr           3%         N/A       67%         2
 Frozen Ramparts          Ice            6%         1d1       88%         3
 Summon Guardian Golem    Hex/Summ       3%         N/A       88%         3
 Fulminant Prism          Conj/Hex       2%         3d6       99%         4
 Hailstorm                Conj/Ice       4%         3d4       99%         4
 Petrify                  Tmut/Erth      3%         N/A       99%         4
 Irradiate                Conj/Tmut      2%         3d12      100%        5
 Orb of Destruction       Conj           2%         9d5       100%        7
 Spellforged Servitor     Conj/Summ      2%         N/A       100%        7


Dungeon Overview and Level Annotations

Branches:
Dungeon (8/15)             Temple (0/1) D:5
   Lair: D:8-11

Altars:
Cheibriados
Gozag
Hepliaklqana
Kikubaaqudgha
Nemelex Xobeh


Innate Abilities, Weirdness & Mutations

You have razor-sharp teeth.
Your natural rate of healing is unusually fast.
When hurt, damage is shared between your health and your magic reserves.
Your bite disrupts and absorbs the magic of your enemies.
Potions cannot restore your health.
You are robust. (+10% HP)
You are weak. (Str -2)
You expend magic power (3 MP) to strengthen your wands.


Message History

You hit the orc warrior.
You kill the orc warrior!
The orc priest begins to cast a cantrip, but forgets the words!
You barely miss the orc. Your bite misses the orc. The orc barely misses you.
You hit the orc but do no damage. You bite the orc. You drain its power.
You feel invigorated.
The orc is heavily wounded.
The orc hits you but does no damage.
The orc is distracted by your dazzling golden aura.
The orc shouts!
You slash the orc!
You kill the orc!
The orc is no longer distracted by gold.
The orc priest completely misses you. The orc completely misses you.
Items here: $ )))) [[.
You hit the orc priest but do no damage.
Your bite misses the orc priest. You hit the orc but do no damage.
The orc priest mumbles some strange prayers to Beogh against you.
Beogh smites you!
* * * LOW HITPOINT WARNING * * *
The orc hits you but does no damage.
The orc priest hits you but does no damage.
The orc completely misses you.
You closely miss the orc priest. You hit the orc.
The orc priest calls down the wrath of Beogh upon you.
Beogh smites you!
* * * LOW HITPOINT WARNING * * *
The orc hits you with a +0 hand axe.
* * * LOW HITPOINT WARNING * * *
You hit the orc priest but do no damage.
Your bite misses the orc priest. You closely miss the orc.
The orc priest invokes the aid of Beogh against you.
You resist with significant effort. The orc hits you but does no damage.
Okay, then.
Okay, then.
You closely miss the orc priest. You hit the orc but do no damage.
The orc priest calls down the wrath of Beogh upon you.
Beogh smites you!
You die...
Your body crumbles into a pile of gold.

#### #.....# #.#
...#######.....##########.#######
##...............................
...#######.....##########........
##.# #######....# ######### #.##
#....# .... #..# ###### #....####
#.### ##.####....####o...=...
#.... #....'......##@...# ##.##
######....#...#o### #....###.#.#
#....# #.#.# ###### #.#.# #######
#.... #.....#######..
#####.....#.....#..
..........#.###.#


You could see an orc priest and an orc.

Vanquished Creatures
  A two-headed ogre (D:8)
  A hornet (D:8)
  Sigmund (D:3)
  A steam dragon (D:8)
  A water moccasin (D:7)
  2 orc warriors (D:8)
  An ice beast (D:6)
  A black bear (D:7)
  2 ogres
  3 kobold brigands
  A bullfrog (D:8)
  3 scorpions (D:5)
  5 killer bees (D:8)
  3 jellies
  3 orc priests
  2 hounds (D:5)
  2 iguanas
  Jessica (D:2)
  Natasha (twice) (D:2)
  7 orc wizards
  4 gnolls (D:3)
  6 adders
  A shadow imp (D:7)
  An ufetubus (D:6)
  6 dart slugs
  A worm (D:3)
  25 orcs
  13 ball pythons
  9 bats
  3 endoplasms
  7 goblins
  12 hobgoblins
  5 jackals
  A quokka (D:4)
  4 frilled lizards
  17 kobolds
  7 rats
165 creatures vanquished.

Vanquished Creatures (others)
  A scorpion (D:6)
1 creature vanquished.

Grand Total: 166 creatures vanquished

Notes
Turn   | Place    | Note
-------+----------+-------------------------------------------
     0 | D:1      | qeuew the Vine Stalker Fighter began the quest for the Orb.
     0 | D:1      | Reached XP level 1. HP: 11/11 MP: 2/2
     4 | D:1      | Noticed an anaconda
    25 | D:1      | Noticed a death yak
   117 | D:1      | Reached XP level 2. HP: 8/16 MP: 1/3
   972 | D:1      | Learned a level 1 spell: Magic Dart
  1014 | D:2      | Noticed Natasha
  1022 | D:2      | Killed Natasha
  1023 | D:2      | Reached XP level 3. HP: 19/20 MP: 3/5
  1068 | D:2      | Reached skill level 1 in Spellcasting
  1786 | D:2      | Gained mutation: Your natural rate of healing is unusually
                  | fast. [Vine Stalker growth]
  1786 | D:2      | Reached XP level 4. HP: 24/24 MP: 6/6
  1840 | D:2      | Noticed Natasha
  1847 | D:2      | Killed Natasha
  1848 | D:2      | Reached skill level 1 in Dodging
  1865 | D:2      | Noticed Jessica
  1868 | D:2      | Killed Jessica
  2008 | D:2      | Identified the amulet "Raus" {Acrobat Int+4 Dex+3}
  2016 | D:2      | Reached XP level 5. HP: 28/28 MP: 8/8
  2227 | D:3      | Noticed Sigmund
  2247 | D:3      | Killed Sigmund
  2248 | D:3      | Reached XP level 6. HP: 28/32 MP: 6/10
  2286 | D:3      | Found a faded altar of an unknown god.
  3017 | D:3      | Gained mutation: You occasionally lose the ability to read
                  | scrolls when taking damage. [potion of mutation]
  3017 | D:3      | Gained mutation: You are weak. (Str -2) [potion of
                  | mutation]
  3017 | D:3      | Gained mutation: You have large cloven feet. [potion of
                  | mutation]
  3175 | D:4      | Reached XP level 7. HP: 37/37 MP: 11/11
  3469 | D:4      | Found an ancient bone altar of Kikubaaqudgha.
  3475 | D:4      | Found an opulent altar of Gozag.
  3484 | D:4      | Found a snail-covered altar of Cheibriados.
  3486 | D:4      | Became a worshipper of Gozag Ym Sagoz the Greedy
  3487 | D:4      | Found a hazy altar of Hepliaklqana.
  3493 | D:4      | Found a sparkling altar of Nemelex Xobeh.
  3856 | D:5      | Entered Level 5 of the Dungeon
  3866 | D:5      | Found a staircase to the Ecumenical Temple.
  4295 | D:5      | Gained mutation: You have razor-sharp teeth. [Vine Stalker
                  | growth]
  4295 | D:5      | Reached XP level 8. HP: 3/42 MP: 1/14
  5302 | D:6      | Lost mutation: You have large cloven feet. [potion of
                  | mutation]
  5302 | D:6      | Lost mutation: You occasionally lose the ability to read
                  | scrolls when taking damage. [potion of mutation]
  5302 | D:6      | Gained mutation: You expend magic power (3 MP) to
                  | strengthen your wands. [potion of mutation]
  5302 | D:6      | Gained mutation: You are robust. (+10% HP) [potion of
                  | mutation]
  5421 | D:7      | Reached XP level 9. HP: 50/50 MP: 16/16
  5907 | D:8      | Reached skill level 5 in Fighting
  5907 | D:8      | Reached skill level 5 in Shields
  6244 | D:8      | Noticed a two-headed ogre
  6253 | D:8      | Killed a two-headed ogre
  6254 | D:8      | Reached skill level 5 in Axes
  6254 | D:8      | Reached skill level 5 in Spellcasting
  6286 | D:8      | Noticed a hornet
  6304 | D:8      | Killed a hornet
  6305 | D:8      | Reached skill level 5 in Armour
  6546 | D:8      | Killed from afar by an orc priest

Illustrated notes

Levels and vault maps discovered:
D:1:      sevenhm_arrival_forest_fort_small_2, layout_basic
D:2:      layout_loops_ring, uniq_jessica, uniq_natasha
D:3:      layout_loops_ring, chequers_ecumenical_altar_island, st_stairs_6,
          palyth_stone_intersect, minmay_misc_feat_tower,
          guppyfry_early_orc_mine, uniq_sigmund
D:4:      layout_loops_ring, nicolae_overflow_hallway_of_the_gods
D:5:      layout_cave_pods, minmay_temple_entry_waves, minmay_checkerbox
D:6:      layout_cave_pools, serial_bayou_pond_b
D:7:      layout_rooms
D:8:      layout_basic, gammafunk_ghost_ooze

Skill      XL: |  1  2  3  4  5  6  7  8  9 |
---------------+----------------------------+-----
Axes           | 2 3 4 5 |  5.4
Fighting       | 3 4 5 |  5.7
Spellcasting   | 1 2 3 4 5 |  5.3
Shields        | 3 4 5 |  5.7
Dodging        | 1 2 3 4 |  4.4
Armour         | 3 4 5 |  5.2
Conjurations   | |  0.3

Action                   |  1- 3 |  4- 6 |  7- 9 || total
-------------------------+-------+-------+-------++-------
Melee: War axe           |    67 |   124 |   304 ||   495
       Bite              |    14 |    28 |    93 ||   135
       Kick              |       |     1 |       ||     1
Invok: Potion Petition   |       |       |     1 ||     1
  Use: Scroll            |       |     8 |     3 ||    11
       Potion            |       |     3 |     4 ||     7
 Stab: Distracted        |       |       |     1 ||     1
Armor: Scale mail        |    37 |    59 |   180 ||   276
Dodge: Dodged            |    27 |    73 |   159 ||   259
Block: Buckler           |    20 |    28 |    88 ||   136
